 Dungeon Crawl Stone Soup version 0.24.0-125-gc4c63601f3 (webtiles) character file.

Game seed: 5355594657006903433, levelgen mode: deterministic

1718210 Jerry the Merfolkian Porcupine (level 27, 192/192 HPs)
             Began as a Merfolk Berserker on Mar 11, 2020.
             Was a High Priest of Trog.
             Escaped with the Orb
             ... and 3 runes on Mar 15, 2020!
             The game lasted 07:19:36 (70058 turns).

Jerry the Merfolkian Porcupine (Merfolk Berserker) Turns: 70058, Time: 07:19:37

Health: 192/192    AC: 33    Str: 26    XL:     27
Magic:  19/23      EV: 21    Int:  4    God:    Trog [*****.]
Gold:   5345       SH: 10    Dex: 16    Spells: 33/33 levels left

rFire    + + +     SeeInvis +   C - +9 demon trident (flame)
rCold    + + +     Gourm    .   S - +3 buckler {rC+ rF+}
rNeg     + + .     Faith    .   U - +7 gold dragon scales
rPois    +         Spirit   +   u - +0 mask of the Dragon {MR+ Slay+3 SInv}
rElec    +         Reflect  .   (no cloak)
rCorr    .         Harm     .   M - +2 pair of gloves {Str+3}
MR       +++..     Rnd*Rage +   N - +2 pair of boots {run}
Stlth    ..........             q - amulet "Vojomoit" {Spirit rElec rF+ rN+ Int-3}
HPRegen  0.42/turn              (no ring)
MPRegen  0.18/turn              s - ring "Niphoulo" {rC+ rN+ Stlth+}

@: quick
A: change form in water, swift swim, stealthy swim, horns 1, berserk 3, blurry
vision 3, clumsy 1, deformed body, dopey 1, frail 2, low mp 2, screaming 3, no
potion heal 2, subdued magic 2
0: Orb of Zot
}: 3/15 runes: barnacled, silver, gossamer
a: Berserk, Trog's Hand, Brothers in Arms, Renounce Religion


You escaped.
You worshipped Trog.
Trog was extremely pleased with you.
You were not hungry.

You visited 8 branches of the dungeon, and saw 46 of its levels.
You visited the Abyss 1 time.
You also visited: Trove, Gauntlet, Ice Cave and Volcano.

You collected 7992 gold pieces.
You spent 2647 gold pieces at shops.

Inventory:

Hand Weapons
 A - a +6 antimagic demon trident
 C - a +9 demon trident of flaming (weapon)
Armour
 u - the +0 mask of the Dragon (worn) {MR+ Slay+3 SInv}
   (You found it on level 5 of the Dungeon)

   It affects your accuracy and damage with ranged weapons and melee attacks
   (+3).
   It affects your resistance to hostile enchantments.
   It lets you see invisible.
 y - the +0 cloak "Boomn" {+Blink rPois Regen+}
   (You found it on level 4 of the Lair of Beasts)

   It protects you from poison.
   It lets you blink.
   It increases your rate of regeneration.
 D - the +0 cloak of Contentment {rF+ rN+ Str+3 Stlth+}
   (You found it on level 3 of the Realm of Zot)

   It affects your strength (+3).
   It protects you from fire.
   It protects you from negative energy.
   It makes you more stealthy.
 M - a +2 pair of gloves of strength (worn)
 N - a +2 pair of boots of running (worn)
 S - a +3 buckler of resistance (worn)
 U - +7 gold dragon scales (worn)
Jewellery
 a - the ring "Empatit" {+Inv rElec rN+ Int-2 SInv}
   (You found it on level 2 of the Lair of Beasts)

   [ring of positive energy]

   It affects your intelligence (-2).
   It insulates you from electricity.
   It protects you from negative energy.
   It lets you see invisible.
   It lets you turn invisible.
 q - the amulet "Vojomoit" (around neck) {Spirit rElec rF+ rN+ Int-3}
   (You found it in a treasure trove)

   [amulet of guardian spirit]

   It causes incoming damage to be split between your health and magic.
   It affects your intelligence (-3).
   It protects you from fire.
   It insulates you from electricity.
   It protects you from negative energy.
 s - the ring "Niphoulo" (right hand) {rC+ rN+ Stlth+}
   (You found it on level 2 of the Depths)

   [ring of protection from cold]

   It protects you from cold.
   It protects you from negative energy.
   It makes you more stealthy.
Wands
 e - a wand of flame (30)
 i - a wand of clouds (5)
 o - a wand of scattershot (8)
 p - a wand of random effects (20)
 r - a wand of iceblast (90)
 v - a wand of acid (23)
 B - a wand of polymorph (6)
 P - a wand of digging (23)
Scrolls
 d - 5 scrolls of fear
 f - 29 scrolls of remove curse
 l - 5 scrolls of immolation
 m - 3 scrolls of vulnerability
 n - 7 scrolls of teleportation
 t - a scroll of holy word
 z - 13 scrolls of identify
 E - 2 scrolls of summoning
 H - 3 scrolls of fog
 L - 2 scrolls of torment
 R - 6 scrolls of blinking
 Y - 10 scrolls of magic mapping
Potions
 b - a potion of invisibility
 g - 7 potions of heal wounds
 h - 9 potions of flight
 j - 4 potions of resistance
 k - 20 potions of curing
 w - 7 potions of brilliance
 x - a potion of cancellation
 F - a potion of agility
 G - 4 potions of ambrosia
 I - 3 potions of might
 J - 5 potions of magic
 K - 4 potions of mutation
 O - 3 potions of berserk rage
Miscellaneous
 Q - a lamp of fire
Comestibles
 c - 67 rations


   Skills:
 + Level 24.4 Fighting
 O Level 27 Polearms
 * Level 22.5 Armour
 + Level 25.9 Dodging
 - Level 10.5 Stealth
 + Level 11.0 Shields
 - Level 3.7 Spellcasting
 - Level 7.9 Evocations


You had 33 spell levels left.
You didn't know any spells.
Your spell library contained the following spells:

 Spells                   Type           Power        Failure   Level  Hunger
 Animate Skeleton         Necr           N/A          98%         1    ##.....
 Infusion                 Chrm           #...         98%         1    ##.....
 Pain                     Necr           #...         98%         1    ##.....
 Shroud of Golubria       Chrm/Tloc      #.....       99%         2    ###....
 Swiftness                Chrm/Air       #.......     99%         2    ###....
 Ozocubu's Armour         Chrm/Ice       #.......     100%        3    ####...
 Recall                   Summ/Tloc      N/A          100%        3    ####...
 Regeneration             Chrm/Necr      #.........   100%        3    ####...
 Vampiric Draining        Necr           #.........   100%        3    ####...
 Animate Dead             Necr           N/A          100%        4    #####..
 Borgnjor's Vile Clutch   Necr/Erth      #.........   100%        5    ######.
 Excruciating Wounds      Chrm/Necr      #.........   100%        5    ######.
 Death Channel            Necr           #.........   100%        6    #######
 Simulacrum               Ice/Necr       #.........   100%        6    #######


Dungeon Overview and Level Annotations

Branches:
Dungeon (15/15)            Temple (0/1) D:4            Lair (6/6) D:10
 Shoals (4/4) Lair:2       Spider (4/4) Lair:3          Orc (2/2) D:11
    Elf (0/3) Orc:2        Vaults (5/5) D:14          Crypt (0/3) Vaults:2
 Depths (5/5) D:15            Zot (5/5) Depths:5      IceCv (visited)
Volcano (visited)         Gauntlet (visited)
  Slime: Lair:5-6

Altars:
Dithmenos
Fedhas
Gozag
Hepliaklqana
Makhleb
Nemelex Xobeh
Sif Muna
Uskayaw
Xom
Beogh

Shops:
D:4 :   D:6 %   D:10 [   D:13 *   Orc:2 [[}[   Vaults:1 %   Vaults:2 !?*
Vaults:3 ?   Vaults:5 :   Zot:1 *   Depths:1 *   Depths:5 ??[=

Portals:
Hell: Depths:1 Depths:2 Depths:3 Depths:4 Depths:5
Abyss: Depths:1 Depths:3 Depths:4
Pandemonium: Depths:3
Ziggurat: Depths:4

Annotations:
D:7 2 transporters, Johnny's ghost, novice NaBe
D:8 2 transporters, LordColdy's ghost, novice MiBe
Lair:4 1 runed translucent door, Wairalebb's ghost, journeyman BaFi
Lair:5 2 transporters, Riymurr's ghost, journeyman MfMo
Depths:3 1 transporter
Zot:1 3 runed translucent doors, exclusion: obsidian statue, Veivasch's ghost, veteran CeHu


Innate Abilities, Weirdness & Mutations

You revert to your normal form in water.
You are very nimble and swift while swimming.
You are very stealthy in the water. (Stealth+)
You have a pair of small horns on your head.
You have an uncontrollable temper.
Scrolls take you much longer to read.
You are clumsy. (Dex -2)
Armour fits poorly on your strangely shaped body.
You are dopey. (Int -2)
You are very frail. (-20% HP)
Your magical capacity is very low. (-20% MP)
You frequently scream uncontrollably at your foes.
Potions are poor at restoring your health.
Your spells are easier to cast, but less powerful.


Message History

The eye of draining gazes at you.
You feel your power leaking away.
There is a stone staircase leading up here.
You climb upwards.
There is a stone staircase leading down here.
(D) Dungeon (T) Temple (L) Lair (A) Shoals (N) Spider Nest (O) Orcish Mines (E) Elven Halls (V) Vaults (C) Crypt (U) Depths (H) Hell (Z) Zot
Where to? (Enter - D:1, ? - help) You're already here!
Unknown command.
You see here 11 sling bullets.
A hell beast comes into view.
You see here a +0 whip.
A soul eater comes into view.
You see here a stone.
You see here a stone.
You see here a stone.
There is a staircase leading out of the dungeon here.
You have escaped!

#...#####.#.........).#.##.......
##.## ##.....#.#.....#######..#
...######......#.#......######..#
##......#......#.#......#.......#
#.####.#....#.#.#.#....######).#
##.# #.#...##.#.#.##...# #..#
...# #.#.....⌠#.#⌠.....######..#
##.# #.#..#####.#####..#.......#
#.# #.........@(2.(.().....##.#
#.# ###..#####.#####3.####.##.#
##.# #.....⌠#.#⌠.....# #.##.#
...# #...##.#.#.##...# #.##.#
.### #....#.#.#.#....# #.##.# .#
#......#.#......# #.##.# .#
#......#.#......# #.##.# .#
##.....#.#.....## #2##..
.########.#...........#.# #.###.


You could see a hell beast and a soul eater.

Vanquished Creatures
  7 ancient liches
  11 orbs of fire
  Mara (Vaults:5)
  4 Killer Klowns
  A shard shrike (Zot:4)
  4 curse toes
  A caustic shrike (Depths:4)
  8 golden dragons
  the Enchantress (D:15)
  A bone dragon (Vaults:2)
  3 electric golems
  18 tentacled monstrosities
  An Ice Fiend (IceCv)
  26 Orb Guardians
  7 quicksilver dragons
  4 liches
  A deep elf master archer (Depths:4)
  2 titans
  An Executioner (Zot:3)
  4 sphinxes
  Polyphemus (Shoals:2)
  10 death cobs
  Gastronok (D:11)
  Kirke (Spider:3)
  9 shadow dragons
  14 storm dragons
  6 nagarajas (Depths:1)
  7 tengu reavers
  Donald (Vaults:1)
  Ilsuiw (Shoals:2)
  An azure jelly (Vaults:2)
  4 fire giants
  4 draconian monks
  A balrug (Abyss:4)
  7 ghost moths
  4 draconian scorchers
  4 deep elf sorcerers
  17 frost giants
  4 draconian knights
  21 vault wardens
  2 deep elf elementalists
  2 iron dragons
  Aizul (Vaults:4)
  3 orc warlords
  Louise (Spider:4)
  5 emperor scorpions
  A reaper (Gauntlet)
  5 draconian stormcallers
  A draconian shifter (Zot:3)
  5 draconian annihilators
  13 ironheart preservers
  5 spriggan defenders
  2 war gargoyles
  24 stone giants
  13 black draconians
  4 deep elf demonologists
  8 green draconians
  8 entropy weavers
  25 very ugly things
  2 vampire knights
  4 red draconians
  6 white draconians
  11 purple draconians
  A minotaur (Gauntlet)
  10 yellow draconians
  6 deep elf annihilators
  15 spark wasps
  5 deep elf death magi
  4 merfolk javelineers
  14 ettins
  A crystal guardian (Vaults:3)
  A spark wasp (shapeshifter) (Depths:4)
  8 great orbs of eyes
  11 fire dragons
  9 merfolk impalers
  A deep elf high priest (Vaults:5)
  10 yaktaur captains
  4 large abominations
  A quicksilver dragon skeleton (Depths:2)
  Harold (D:11)
  7 rakshasas
  2 spriggan air magi
  7 hydras
  8 ice dragons
  3 naga warriors (Depths:1)
  A hell beast (Depths:2)
  3 anacondas (shapeshifter)
  29 vault guards
  An anaconda (Depths:1)
  6 merfolk avatars
  3 alligator snapping turtles (Shoals:4)
  11 centaur warriors
  59 two-headed ogres
  A catoblepas (Shoals:2)
  3 satyrs
  7 merfolk aquamancers (Shoals:4)
  10 deep troll earth magi
  2 tengu warriors
  16 deep troll shamans
  24 ogre magi
  A death knight (Vaults:4)
  2 hell hogs (Depths:1)
  9 death yaks
  4 small abominations
  9 death scarabs
  2 vampire magi
  A thrashing horror (Abyss:4)
  4 orc high priests
  5 spriggan berserkers
  6 deep elf knights
  A soul eater (D:14)
  A wretched star (Abyss:4)
  A sun demon (D:13)
  2 hell knights
  5 iron trolls
  6 skeletal warriors (Vaults:2)
  A fire crab (shapeshifter) (D:15)
  4 flayed ghosts
  An iron troll (shapeshifter) (Vaults:5)
  A spark wasp zombie (Depths:4)
  5 shadow wraiths
  4 glowing orange brains
  37 deep trolls
  A sea snake (shapeshifter) (Depths:4)
  A swamp dragon (Lair:6)
  An unseen horror (shapeshifter) (Vaults:2)
  11 sea snakes
  A spectral hydra (Gauntlet)
  6 wizards
  4 unseen horrors
  7 deep elf archers
  4 spectral wolf spiders (Spider:4)
  3 necromancers
  A phantasmal warrior (Vaults:5)
  4 lindwurms
  A mana viper (shapeshifter) (Depths:3)
  23 harpies
  12 ironbrand convokers
  19 orc knights
  18 deep elf magi
  2 wolf spider zombies
  13 orb spiders
  A frost giant zombie (Depths:2)
  A shining eye (Orc:2)
  An orb spider (shapeshifter) (Vaults:5)
  An oklob plant (Lair:3)
  8 orc sorcerers
  69 ugly things
  An ugly thing (shapeshifter) (Vaults:1)
  A sphinx skeleton (Depths:3)
  A worldbinder (Abyss:4)
  A moth of wrath (shapeshifter) (D:15)
  30 moths of wrath
  22 cyclopes
  17 manticores
  17 fauns
  11 merfolk sirens
  29 wolf spiders
  20 vault sentinels
  5 black mambas
  2 centaur zombies
  2 ice statues
  3 guardian serpents (Depths:1)
  5 elephants
  2 torpor snails
  A rust devil (Depths:5)
  An apocalypse crab (Spider:3)
  A guardian serpent (shapeshifter) (Vaults:3)
  A naga mage (Depths:1)
  6 water nymphs
  2 centaur skeletons (D:12)
  An eye of devastation (shapeshifter) (Vaults:5)
  8 spiny frogs
  A spiny frog (shapeshifter) (Vaults:5)
  A smoke demon (Abyss:4)
  2 kobold demonologists
  A hellion (Depths:3)
  2 rime drakes (Lair:6)
  4 spectral redbacks (Spider:4)
  8 freezing wraiths
  9 komodo dragons
  An orange demon (Depths:4)
  38 yaktaurs
  14 demonic crawlers
  A red devil (Depths:3)
  7 ice devils
  A yaktaur (shapeshifter) (Vaults:3)
  A tengu conjurer (Depths:1)
  2 hellwings
  A troll (shapeshifter) (Vaults:1)
  3 anaconda simulacra (IceCv)
  33 jumping spiders
  16 hornets
  10 polar bears
  A queen bee (shapeshifter) (Spider:4)
  33 merfolk
  15 trolls
  An ancient zyme (Abyss:4)
  4 wind drakes
  A meliai (shapeshifter) (D:14)
  A hornet (shapeshifter) (Vaults:4)
  11 hippogriffs
  5 dream sheep
  A blink frog (shapeshifter) (Vaults:3)
  A spectral tarantella (Spider:4)
  31 slime creatures
  A jumping spider zombie (Spider:4)
  3 spectral jumping spiders (Spider:4)
  A hippogriff (shapeshifter) (Vaults:2)
  11 snapping turtles
  A raiju (Gauntlet)
  A wind drake (shapeshifter) (Depths:4)
  A tarantella zombie (Spider:4)
  An ettin skeleton (Vaults:1)
  A raiju (shapeshifter) (Vaults:2)
  21 water elementals
  A shapeshifter (Vaults:1)
  3 dire elephant simulacra (IceCv)
  26 tarantellas
  70 redbacks
  2 spriggans
  6 starcursed masses (Abyss:4)
  2 spriggan simulacra
  2 wraiths
  59 yaks
  A vampire (D:12)
  4 hogs (Spider:3)
  4 wyverns
  2 basilisks
  7 fire bats
  9 vampire mosquitoes
  A chaos spawn (Depths:3)
  An elf skeleton (Depths:2)
  6 hungry ghosts
  A neqoxec (Depths:3)
  A hog (shapeshifter) (Vaults:5)
  8 steam dragons
  A golden eye (shapeshifter) (D:15)
  A harpy simulacrum (IceCv)
  10 nagas (Depths:1)
  3 soldier ants
  5 iron troll simulacra (IceCv)
  13 wargs
  4 acid dragons
  A naga (shapeshifter) (Depths:5)
  7 hydra simulacra (IceCv)
  15 water moccasins
  A water moccasin (shapeshifter) (Vaults:3)
  A floating eye (Depths:5)
  23 hell hounds
  6 porcupines
  12 black bears
  54 orc warriors
  A spectral hornet (Spider:4)
  3 human skeletons
  2 sky beasts
  5 ice beasts
  39 ogres
  3 eyes of draining
  2 phantoms
  15 boggarts
  5 necrophages
  31 wolves
  29 centaurs
  5 crocodiles
  Blork the orc (D:6)
  A gnoll sergeant (D:5)
  17 bullfrogs
  A glowing shapeshifter simulacrum (Depths:2)
  3 scorpions
  7 killer bees
  A troll zombie (D:11)
  An orc simulacrum (Vaults:1)
  11 wights
  12 electric eels
  4 howler monkeys
  6 crimson imps
  3 draconian simulacra (IceCv)
  2 bullfrog zombies (D:7)
  2 quasits
  4 jellies
  3 hounds
  27 orc priests
  A jelly (shapeshifter) (Depths:5)
  30 orc wizards
  3 bullfrog skeletons
  4 iguanas
  7 worker ants
  A polar bear simulacrum (IceCv)
  4 troll simulacra (IceCv)
  A wolf simulacrum (IceCv)
  5 ogre zombies (D:11)
  A centaur simulacrum (IceCv)
  2 hound skeletons
  2 worker ant zombies (D:10)
  8 gnolls
  2 ogre simulacra (IceCv)
  10 adders
  2 howler monkey skeletons
  3 naga simulacra (IceCv)
  5 shadow imps
  5 white imps
  12 ufetubi
  2 adder zombies (D:9)
  3 worms
  A worm (shapeshifter) (Vaults:2)
  2 dart slugs
  7 leopard geckos
  75 orcs
  7 giant cockroaches
  4 goblins
  5 hobgoblins
  6 jackals
  11 kobolds
  2 quokkas
  9 bats
  4 frilled lizards (D:1)
  3 goblin skeletons (D:11)
  2 goblin zombies (D:11)
  3 orc skeletons (D:11)
  11 orc zombies (D:11)
  12 rats
  2 plants
2396 creatures vanquished.

Vanquished Creatures (collateral kills)
  A juggernaut (Depths:3)
  Bai Suzhen (Depths:3)
  2 golden dragons (Depths:5)
  2 very ugly things
  A spark wasp (Depths:3)
  A jiangshi (Depths:3)
  A fire dragon (Depths:3)
  A yaktaur captain (Depths:3)
  4 vault guards (Vaults:5)
  A deep troll earth mage (Depths:3)
  An ugly thing (D:15)
  A moth of wrath (Zot:1)
  A yaktaur (Vaults:5)
  A chaos spawn (Depths:3)
19 creatures vanquished.

Vanquished Creatures (others)
  An Ice Fiend (Zot:3)
  A pandemonium lord (Zot:3)
  A quicksilver dragon (Zot:3)
  A draconian scorcher (Zot:3)
  A draconian knight (Zot:3)
  A fire giant (Depths:2)
  2 red draconians (Zot:3)
  A purple draconian (Zot:3)
  A two-headed ogre (Vaults:2)
  A wizard (Depths:4)
  An ironbrand convoker (Vaults:3)
  A rust devil (Zot:3)
  A stone giant skeleton (Vaults:1)
  A spectral redback (Spider:4)
  A yaktaur (Vaults:5)
  A hellwing (Zot:3)
  A small abomination (Zot:3)
  A human (Spider:3)
  An orc (Vaults:1)
  A fire vortex (Shoals:4)
  7 fungi
  25 plants
  2 withered plants (Lair:4)
55 creatures vanquished.

Grand Total: 2470 creatures vanquished

Notes
Turn   | Place    | Note
-------+----------+-------------------------------------------
     0 | D:1      | Jerry the Merfolk Berserker began the quest for the Orb.
     0 | D:1      | Reached XP level 1. HP: 18/18 MP: 1/1
    39 | D:1      | Reached XP level 2. HP: 18/24 MP: 2/2
   348 | D:1      | Reached skill level 5 in Polearms
   635 | D:1      | Reached XP level 3. HP: 29/29 MP: 3/3
   667 | D:1      | Reached ** piety under Trog
  2064 | D:2      | Found a hazy altar of Hepliaklqana.
  2443 | D:3      | Reached XP level 4. HP: 37/37 MP: 4/4
  3178 | D:4      | Reached skill level 6 in Polearms
  3638 | D:4      | Found Zijus's Book Boutique.
  3652 | D:4      | Found a staircase to the Ecumenical Temple.
  3670 | D:4      | Reached XP level 5. HP: 30/42 MP: 5/5
  3857 | D:4      | Noticed an ogre
  3866 | D:4      | Killed an ogre
  3866 | D:4      | Reached skill level 7 in Polearms
  4036 | D:4      | Reached XP level 6. HP: 43/49 MP: 6/6
  4308 | D:4      | Found an opulent altar of Gozag.
  4308 | D:4      | Found a blossoming altar of Fedhas.
  4308 | D:4      | Found a burning altar of Makhleb.
  4425 | D:5      | Entered Level 5 of the Dungeon
  4792 | D:5      | Paralysed by a crimson imp for 2 turns
  4987 | D:5      | Found the +0 mask of the Dragon {MR+ Slay+3 SInv}
  5213 | D:5      | Reached skill level 8 in Polearms
  5224 | D:5      | Reached skill level 5 in Fighting
  5235 | D:5      | Got a faintly humming plate armour
  5236 | D:5      | Identified the +1 plate armour "Gaakawko" {rCorr Int+4
                  | Dex+4} (You found it on level 5 of the Dungeon)
  5397 | D:6      | Found a shadowy altar of Dithmenos.
  5559 | D:6      | Noticed an ice beast
  5568 | D:6      | Killed an ice beast
  5568 | D:6      | Reached XP level 7. HP: 56/56 MP: 7/7
  5807 | D:6      | Found Siotzodaxt's Food Shop.
  5836 | D:6      | Noticed Blork the orc
  5845 | D:6      | Killed Blork the orc
  5845 | D:6      | Reached skill level 9 in Polearms
  6072 | D:6      | Reached skill level 1 in Shields
  6078 | D:6      | Found a shimmering blue altar of Sif Muna.
  6263 | D:7      | Reached XP level 8. HP: 57/64 MP: 8/8
  6276 | D:7      | Reached *** piety under Trog
  6432 | D:7      | Reached skill level 10 in Polearms
  6532 | D:7      | Found a transporter.
  6543 | D:7      | Noticed Johnny's ghost (novice NaBe)
  6814 | D:7      | Found a transporter.
  6871 | D:8      | Reached skill level 11 in Polearms
  6876 | D:8      | Got a smelly plate armour
  6877 | D:8      | Identified the +9 plate armour of Ruinearo {-Cast -Tele
                  | rCorr Int+8} (You found it on level 8 of the Dungeon)
  6907 | D:8      | Reached skill level 5 in Dodging
  6907 | D:8      | Reached XP level 9. HP: 61/71 MP: 9/9
  7117 | D:8      | Found a transporter.
  7125 | D:8      | Noticed LordColdy's ghost (novice MiBe)
  7131 | D:8      | Found a transporter.
  7689 | D:8      | Found a hide-covered altar of Uskayaw.
  7801 | D:9      | Reached skill level 12 in Polearms
  8067 | D:9      | Reached skill level 13 in Polearms
  8156 | D:9      | Reached skill level 5 in Armour
  8156 | D:9      | Reached XP level 10. HP: 80/80 MP: 10/10
  8165 | D:9      | Reached **** piety under Trog
  8571 | D:9      | Reached skill level 14 in Polearms
  8900 | D:9      | Found a shimmering altar of Xom.
  9047 | D:10     | Entered Level 10 of the Dungeon
  9122 | D:10     | Reached XP level 11. HP: 86/86 MP: 11/11
  9149 | D:10     | Reached skill level 15 in Polearms
  9308 | D:10     | Found Hamouqyic's Specialty Armours.
  9353 | D:10     | Noticed a two-headed ogre
  9367 | D:10     | Killed a two-headed ogre
  9582 | D:10     | Identified the cursed +1 robe of the Republic {+Blink rF+
                  | Dex-4}
  9668 | D:10     | Noticed a two-headed ogre
  9675 | D:10     | Killed a two-headed ogre
  9949 | D:10     | Found a staircase to the Lair.
 10295 | Lair:1   | Entered Level 1 of the Lair of Beasts
 10358 | Lair:1   | Reached skill level 16 in Polearms
 10403 | Lair:1   | Found a dark tunnel.
 10461 | Volcano  | Entered a volcano
 10485 | Volcano  | Reached ***** piety under Trog
 10503 | Volcano  | Noticed a lindwurm
 10513 | Volcano  | Killed a lindwurm
 10571 | Volcano  | Noticed a fire dragon
 10581 | Volcano  | Killed a fire dragon
 10581 | Volcano  | Reached skill level 10 in Dodging
 10704 | Volcano  | Identified a +1 pair of boots of running (You found it in a
                  | volcano)
 10741 | Lair:1   | Reached skill level 10 in Fighting
 10758 | Lair:1   | Received a gift from Trog
 10809 | Lair:1   | Reached XP level 12. HP: 96/96 MP: 12/12
 11069 | Lair:1   | Got a bloodstained whip
 11070 | Lair:1   | Identified the +10 whip of the Endless March {slash, Str+3
                  | Dex+4 Stlth+} (You found it on level 1 of the Lair of
                  | Beasts)
 11110 | Lair:1   | You fall into a shaft and drop 1 floor!
 11162 | Lair:2   | Reached skill level 17 in Polearms
 11165 | Lair:2   | Found a staircase to the Shoals.
 11546 | Lair:2   | Got a sparkling glass ring
 11552 | Lair:2   | Identified the ring "Empatit" {+Inv rElec rN+ Int-2 SInv}
                  | (You found it on level 2 of the Lair of Beasts)
 11808 | Lair:2   | Noticed a seven-headed hydra
 11813 | Lair:2   | Killed a four-headed hydra
 12307 | Lair:3   | Noticed a five-headed hydra
 12315 | Lair:3   | Killed a two-headed hydra
 12320 | Lair:3   | Noticed a five-headed hydra
 12454 | Lair:3   | Found a shadowy altar of Dithmenos.
 12532 | Lair:3   | Found a hole to the Spider Nest.
 13119 | Lair:3   | Killed a one-headed hydra
 13119 | Lair:3   | Reached skill level 18 in Polearms
 13374 | Lair:3   | Found a shimmering altar of Xom.
 13760 | Lair:4   | Got an ichor-stained cloak
 13761 | Lair:4   | Identified the +0 cloak "Boomn" {+Blink rPois Regen+} (You
                  | found it on level 4 of the Lair of Beasts)
 13821 | Lair:4   | Found a runed translucent door.
 13821 | Lair:4   | Noticed Wairalebb's ghost (journeyman BaFi)
 14060 | Lair:4   | Reached XP level 13. HP: 75/105 MP: 13/13
 14766 | Lair:5   | You fall into a shaft and drop 1 floor!
 14766 | Lair:6   | Entered Level 6 of the Lair of Beasts
 14802 | Lair:6   | Found a gate leading to a gauntlet.
 14872 | Lair:6   | Received a gift from Trog
 14881 | Lair:6   | Got a shimmering demon trident {god gift}
 14882 | Lair:6   | Identified the +8 demon trident "Qedd" {elec, *Rage rElec
                  | rC+++ Str+3} (Trog gifted it to you on level 6 of the Lair
                  | of Beasts)
 14887 | Gauntlet | Entered a Gauntlet
 14887 | Gauntlet | Found a transporter.
 14887 | Gauntlet | Found a transporter.
 14887 | Gauntlet | Found a transporter.
 14901 | Gauntlet | Found a transporter.
 14903 | Gauntlet | Found a transporter.
 14907 | Gauntlet | Found a runed translucent gate.
 14907 | Gauntlet | Found a runed translucent gate.
 14907 | Gauntlet | Found a runed translucent gate.
 14909 | Gauntlet | Found a transporter.
 14912 | Gauntlet | Found a transporter.
 14920 | Gauntlet | Found a transporter.
 14937 | Gauntlet | Noticed a reaper
 14938 | Gauntlet | Found a transporter.
 14955 | Gauntlet | Found a transporter.
 14958 | Gauntlet | Found a transporter.
 14973 | Gauntlet | Found a transporter.
 15312 | Gauntlet | Got a smoking cloak
 15334 | Gauntlet | Reached skill level 19 in Polearms
 15344 | Gauntlet | Killed a reaper
 15411 | Gauntlet | Got a scorched hand axe
 15441 | Gauntlet | Noticed a minotaur
 15456 | Gauntlet | Killed a minotaur
 15473 | Gauntlet | Identified the Disquisition on Destructive Self-Improvement
 15476 | Gauntlet | Identified Sif Muna's Catalogue of Enchantment
 15664 | Lair:6   | Identified the cursed +0 cloak of Servitude {rPois rN+
                  | Str-4} (You found it in a Gauntlet)
 15665 | Lair:6   | Identified the +4 hand axe of the Common Good {flame, rPois
                  | rN+ Dex-3 SInv} (You found it in a Gauntlet)
 15868 | Lair:6   | Noticed a fire dragon
 16628 | Lair:5   | Found a transporter.
 16635 | Lair:5   | Noticed Riymurr's ghost (journeyman MfMo)
 16725 | Lair:5   | Found a transporter.
 17105 | Lair:6   | Reached skill level 20 in Polearms
 17109 | Lair:6   | Reached XP level 14. HP: 100/114 MP: 14/14
 17632 | Lair:6   | Received a gift from Trog
 18240 | Lair:6   | Identified a scroll of acquirement
 18241 | Lair:6   | Got a bloodstained cloak
 18242 | Lair:6   | Identified the +1 cloak of Porukufu {MR+ Str+3 Dex+4} (You
                  | acquired it on level 6 of the Lair of Beasts)
 18328 | Spider:1 | Entered Level 1 of the Spider Nest
 19312 | Spider:2 | Noticed an emperor scorpion
 19345 | Spider:2 | Killed an emperor scorpion
 19654 | Spider:2 | Noticed an emperor scorpion
 19677 | Spider:2 | Killed an emperor scorpion
 19742 | Spider:2 | Reached XP level 15. HP: 114/125 MP: 15/15
 19823 | Spider:2 | Reached skill level 10 in Armour
 19823 | Spider:2 | Reached skill level 15 in Dodging
 20111 | Spider:2 | Received a gift from Trog
 20766 | D:11     | Found a staircase to the Orcish Mines.
 20933 | D:11     | Reached ****** piety under Trog
 21240 | D:11     | Noticed Gastronok
 21253 | D:11     | Killed Gastronok
 21271 | D:11     | Noticed Harold
 21280 | D:11     | Killed Harold
 21691 | D:12     | Received a gift from Trog
 22065 | D:12     | Found a portal to a secret trove of treasure.
 22488 | D:13     | Found Gesufi Bao's Assorted Antiques.
 22496 | D:13     | Bought a brown potion for 35 gold pieces
 22496 | D:13     | Bought a scroll of identify for 78 gold pieces
 22839 | D:13     | Received a gift from Trog
 23852 | D:14     | Found a shimmering altar of Xom.
 24193 | D:14     | Got an encrusted large shield
 24368 | D:14     | Reached XP level 16. HP: 29/134 MP: 16/16
 24468 | D:14     | Found a gate to the Vaults.
 24887 | D:15     | Entered Level 15 of the Dungeon
 24994 | D:15     | Received a gift from Trog
 24994 | D:15     | Reached skill level 15 in Fighting
 25255 | D:15     | Found the +12 glaive of Prune {chop}
 26038 | D:15     | Found a staircase to the Depths.
 26046 | Depths:1 | Entered Level 1 of the Depths
 26049 | Depths:1 | Noticed the Enchantress
 26236 | D:14     | Identified the +3 large shield of Perfidy {rCorr Str+9}
                  | (You found it on level 14 of the Dungeon)
 26456 | D:15     | Killed the Enchantress
 26725 | Depths:1 | Received a gift from Trog
 26784 | Depths:1 | Found Ytiawub's General Store.
 26811 | Depths:1 | Found a one-way gate to the infinite horrors of the Abyss.
 27038 | Depths:1 | Noticed a nagaraja
 27284 | Depths:1 | Reached XP level 17. HP: 143/143 MP: 17/17
 27377 | Depths:1 | Found a gateway to Hell.
 27377 | Depths:1 | Noticed a lich
 27387 | Depths:1 | Killed a lich
 27756 | Depths:1 | Received a gift from Trog
 28508 | Depths:2 | Got a vibrating ivory ring
 28513 | Depths:1 | Identified the ring "Niphoulo" {rC+ rN+ Stlth+} (You found
                  | it on level 2 of the Depths)
 29408 | Depths:2 | Received a gift from Trog
 29499 | Depths:2 | Reached XP level 18. HP: 101/153 MP: 18/18
 30150 | Depths:2 | Reached skill level 21 in Polearms
 30155 | Depths:2 | Noticed a titan
 30178 | Depths:2 | Killed a titan
 30486 | Depths:2 | Received a gift from Trog
 30968 | Depths:3 | Found a transporter.
 31151 | Depths:3 | Noticed a lich
 31172 | Depths:3 | Killed a lich
 31418 | Depths:3 | Found a transporter.
 31460 | Depths:3 | Noticed Bai Suzhen
 31560 | Depths:3 | Reached XP level 19. HP: 153/163 MP: 19/19
 32222 | Depths:2 | Reached skill level 5 in Shields
 32396 | Depths:3 | Killed Bai Suzhen
 32462 | Depths:3 | Found a one-way gate leading to the halls of Pandemonium.
 32668 | Depths:3 | Noticed a juggernaut
 32679 | Depths:3 | Killed a juggernaut
 32693 | Depths:3 | Received a gift from Trog
 33598 | Depths:4 | Found a gateway to a ziggurat.
 34004 | Depths:4 | Noticed a caustic shrike
 34028 | Depths:4 | Killed a caustic shrike
 34343 | Depths:4 | Reached XP level 20. HP: 161/174 MP: 20/20
 34741 | Depths:4 | Received a gift from Trog
 35039 | Depths:3 | Reached skill level 15 in Armour
 35435 | Depths:4 | Reached skill level 1 in Stealth
 35594 | Depths:4 | Identified the cursed +0 rapier "Caejisal" {drain, +Inv
                  | rElec}
 36116 | Depths:4 | Got a crude chain mail
 36139 | Depths:4 | Identified the +4 chain mail "Tifitw Feopt" {rCorr} (You
                  | found it on level 4 of the Depths)
 36237 | Depths:5 | Entered Level 5 of the Depths
 36656 | Depths:5 | Reached skill level 5 in Stealth
 36721 | Depths:5 | Noticed a golden dragon
 36724 | Depths:5 | Noticed a golden dragon
 36771 | Depths:5 | Killed a golden dragon
 37009 | Depths:5 | Killed a golden dragon
 37009 | Depths:5 | Reached skill level 1 in Evocations
 37026 | Depths:5 | Reached XP level 21. HP: 144/181 MP: 21/21
 37121 | Depths:5 | Found a gate to the Realm of Zot.
 37289 | Depths:5 | Found Rafiefuz's Magic Scroll Shop.
 37325 | Depths:5 | Found Teboh's Armour Shop.
 37325 | Depths:5 | Found Nigeo's Magic Scroll Shop.
 37325 | Depths:5 | Found Mycs's Jewellery Shop.
 37358 | Depths:5 | Reached skill level 10 in Shields
 37443 | Depths:5 | Bought a scroll of enchant armour for 135 gold pieces
 37443 | Depths:5 | Bought a scroll of blinking for 135 gold pieces
 37443 | Depths:5 | Bought a scroll of teleportation for 54 gold pieces
 37455 | Depths:5 | Bought a scroll of teleportation for 75 gold pieces
 37654 | Depths:5 | Received a gift from Trog
 38374 | Shoals:1 | Entered Level 1 of the Shoals
 38873 | Shoals:1 | Received a gift from Trog
 38876 | Shoals:1 | Got a scorched demon trident {god gift}
 38877 | Shoals:1 | Identified the +8 demon trident of Circularity {drain,
                  | rPois Dex+2} (Trog gifted it to you on level 1 of the
                  | Shoals)
 39450 | Shoals:2 | Noticed Ilsuiw
 39480 | Shoals:2 | Killed Ilsuiw
 39627 | Shoals:2 | Reached skill level 5 in Evocations
 39667 | Shoals:2 | Noticed Polyphemus
 39708 | Shoals:2 | Killed Polyphemus
 41051 | Shoals:3 | Received a gift from Trog
 41169 | Shoals:4 | Entered Level 4 of the Shoals
 41334 | Shoals:4 | Found a frozen archway.
 41356 | IceCv    | Entered an ice cave
 41836 | IceCv    | Reached XP level 22. HP: 189/189 MP: 26/26
 42219 | Shoals:4 | Received a gift from Trog
 43009 | Shoals:4 | Reached skill level 10 in Stealth
 43038 | Shoals:4 | Identified the Catalogue of Aid
 43159 | Shoals:4 | Received a gift from Trog
 43185 | Shoals:4 | Got a barnacled rune of Zot
 43846 | Spider:3 | Noticed Kirke
 43853 | Spider:3 | Killed Kirke
 44357 | Spider:3 | Received a gift from Trog
 44361 | Spider:3 | Got a faintly glowing spear {god gift}
 44362 | Spider:3 | Identified the +11 spear of Ozulolec {vamp, rN+} (Trog
                  | gifted it to you on level 3 of the Spider Nest)
 44803 | Spider:4 | Entered Level 4 of the Spider Nest
 44857 | Spider:4 | Noticed Louise
 45073 | Spider:4 | Killed Louise
 45748 | Spider:4 | Received a gift from Trog
 46263 | Spider:4 | Reached XP level 23. HP: 196/196 MP: 28/28
 46342 | Spider:4 | Got a gossamer rune of Zot
 46477 | Spider:4 | Got a brightly glowing amber ring
 46478 | Spider:4 | Identified the ring of Contentment {+Blink +Inv +Fly Int+4}
                  | (You acquired it on level 4 of the Spider Nest)
 46680 | Orc:1    | Entered Level 1 of the Orcish Mines
 47179 | Orc:1    | Found a roughly hewn altar of Beogh.
 47379 | Orc:2    | Entered Level 2 of the Orcish Mines
 47390 | Orc:2    | Found a staircase to the Elven Halls.
 47436 | Orc:2    | Received a gift from Trog
 47982 | Orc:2    | Found Koxzeoh's Armour Shop.
 47982 | Orc:2    | Found Jypewny's Armour Shop.
 47983 | Orc:2    | Found Fueviemo's Antique Armour Emporium.
 47988 | Orc:2    | Found Rougar's Gadget Emporium.
 48019 | Orc:2    | Bought a pitted buckler for 323 gold pieces
 48019 | Orc:2    | Bought a polished shield for 323 gold pieces
 48022 | Orc:2    | Identified the +1 buckler "Piywk" {*Contam Int+4 Slay+3}
                  | (You bought it in a shop on level 2 of the Orcish Mines)
 48024 | Orc:2    | Identified the +5 shield "Mapuk" {*Drain +Fly rElec MP+9}
                  | (You bought it in a shop on level 2 of the Orcish Mines)
 48208 | Vaults:1 | Entered Level 1 of the Vaults
 48307 | Vaults:1 | Noticed Donald
 48334 | Vaults:1 | Killed Donald
 48474 | Vaults:1 | Received a gift from Trog
 48638 | Vaults:1 | Found a sparkling altar of Nemelex Xobeh.
 48645 | Vaults:1 | Found Asaan's Food Shoppe.
 48744 | Vaults:1 | Reached skill level 22 in Polearms
 48856 | Vaults:1 | You fall into a shaft and drop 1 floor!
 49410 | Vaults:1 | Received a gift from Trog
 49438 | Vaults:1 | Got a warped trident {god gift}
 49442 | Vaults:1 | Identified the +4 trident "Zunel" {elec, Int+3} (Trog
                  | gifted it to you on level 1 of the Vaults)
 50875 | Vaults:2 | Reached XP level 24. HP: 189/205 MP: 28/28
 50995 | Vaults:2 | Received a gift from Trog
 51062 | Vaults:2 | Found Diegat's Magic Scroll Boutique.
 51064 | Vaults:2 | Found Papni's General Store.
 51066 | Vaults:2 | Found Jerphukhle's Distillery.
 51087 | Vaults:2 | Bought a scroll of enchant armour for 135 gold pieces
 51087 | Vaults:2 | Bought a scroll of identify for 36 gold pieces
 51087 | Vaults:2 | Bought a scroll of identify for 36 gold pieces
 51087 | Vaults:2 | Bought a scroll of identify for 36 gold pieces
 51087 | Vaults:2 | Bought a scroll of teleportation for 54 gold pieces
 51087 | Vaults:2 | Bought a scroll of blinking for 135 gold pieces
 51087 | Vaults:2 | Bought a scroll of fear for 63 gold pieces
 51100 | Vaults:2 | Bought a potion of might for 92 gold pieces
 51100 | Vaults:2 | Bought a potion of haste for 230 gold pieces
 51139 | Vaults:2 | Found a staircase to the Crypt.
 52237 | Vaults:3 | Reached skill level 23 in Polearms
 52270 | Vaults:3 | Received a gift from Trog
 52631 | Vaults:3 | Found Lameet's Magic Scroll Shoppe.
 52639 | Vaults:3 | Bought a scroll of teleportation for 45 gold pieces
 52639 | Vaults:3 | Bought a scroll of teleportation for 45 gold pieces
 53378 | Vaults:4 | Noticed Aizul
 53386 | Vaults:4 | Killed Aizul
 53650 | Vaults:4 | Received a gift from Trog
 54194 | Vaults:4 | Reached XP level 25. HP: 203/214 MP: 28/28
 54710 | Vaults:4 | Received a gift from Trog
 54820 | Vaults:5 | Entered Level 5 of the Vaults
 55071 | Vaults:5 | Identified the cursed +1 scimitar "Rienet" {freeze, MR+}
 55176 | Vaults:5 | Found the +6 shillelagh "Devastator" {shatter}
 55207 | Vaults:5 | Reached skill level 24 in Polearms
 55384 | Vaults:5 | Got a silver rune of Zot
 55608 | Vaults:5 | Noticed an ancient lich
 55615 | Vaults:5 | Noticed Mara
 55621 | Vaults:5 | Killed an ancient lich
 55638 | Vaults:5 | Noticed Jerry's illusion
 55643 | Vaults:5 | Killed Mara
 55856 | Vaults:5 | Received a gift from Trog
 55949 | Vaults:5 | Identified the +7 bardiche of Unwaroac {vamp, +Fly rPois
                  | rC+ Dex+2}
 55949 | Vaults:5 | Identified the +1 robe of Qafyom {Int+7 Stlth+}
 56089 | Vaults:5 | Reached XP level 26. HP: 116/223 MP: 28/28
 57246 | Vaults:4 | Received a gift from Trog
 57442 | Vaults:5 | Found Suakamouko's Book Shop.
 58054 | Zot:1    | Entered Level 1 of the Realm of Zot
 58147 | Depths:1 | Bought a potion of haste for 160 gold pieces
 58147 | Depths:1 | Bought a scroll of identify for 32 gold pieces
 58248 | D:13     | Bought a potion of haste for 390 gold pieces
 58319 | D:12     | You paid a toll of 6 potions of haste to enter a treasure
                  | trove
 58320 | Trove    | Entered a treasure trove
 58372 | Trove    | Got a heavily runed silver amulet
 58376 | Trove    | Got a bound steel amulet
 58400 | Trove    | Got a translucent crystal plate armour
 58404 | Trove    | Identified the +11 crystal plate armour "Sasyseal" {Str+3
                  | Int+8 Dex-4} (You found it in a treasure trove)
 58405 | Trove    | Identified the amulet of Nihilism {Reflect rC++ MP+9 SH+2}
                  | (You found it in a treasure trove)
 58407 | Trove    | Identified the amulet "Vojomoit" {Spirit rElec rF+ rN+
                  | Int-3} (You found it in a treasure trove)
 58880 | Zot:1    | Noticed an orb of fire
 58889 | Zot:1    | Killed an orb of fire
 58889 | Zot:1    | Reached skill level 1 in Spellcasting
 59483 | Zot:1    | Found a runed translucent gate.
 59484 | Zot:1    | Found a runed translucent gate.
 59485 | Zot:1    | Found a runed translucent gate.
 59486 | Zot:1    | Found an opulent altar of Gozag.
 59487 | Zot:1    | Noticed Veivasch's ghost (veteran CeHu)
 59488 | Zot:1    | Found Tiofout's Assorted Antiques.
 60238 | Zot:2    | Reached skill level 25 in Polearms
 61248 | Zot:2    | Reached XP level 27. HP: 206/233 MP: 25/28
 61779 | Zot:3    | Received a gift from Trog
 62083 | Zot:3    | Noticed an orb of fire
 62229 | Zot:3    | Cast into level 4 of the Abyss (white draconian knight)
 62253 | Abyss:4  | Found a shimmering blue altar of Sif Muna.
 62271 | Abyss:4  | Found a corrupted altar of Lugonu.
 62360 | Zot:3    | Escaped the Abyss
 62524 | Zot:3    | You fall into a shaft and drop 1 floor!
 62525 | Zot:4    | Noticed an ancient lich
 63035 | Zot:3    | Got a faintly glowing cloak
 63036 | Zot:3    | Identified the +0 cloak of Contentment {rF+ rN+ Str+3
                  | Stlth+} (You found it on level 3 of the Realm of Zot)
 63479 | Zot:4    | Received a gift from Trog
 63623 | Zot:4    | Reached skill level 26 in Polearms
 64614 | Zot:4    | Killed an ancient lich
 64771 | Zot:5    | Entered Level 5 of the Realm of Zot
 65313 | Zot:5    | Noticed an orb of fire
 65352 | Zot:5    | Gained mutation: Scrolls take you a little longer to read.
                  | [an orb of fire]
 65362 | Zot:5    | Gained mutation: You tend to lose your temper in combat.
                  | [an orb of fire]
 65375 | Zot:5    | Killed an orb of fire
 65388 | Zot:5    | Noticed an orb of fire
 65393 | Zot:5    | Noticed an ancient lich
 65393 | Zot:5    | Gained mutation: You are clumsy. (Dex -2) [an orb of fire]
 65402 | Zot:5    | Gained mutation: You do not regenerate when monsters are
                  | visible. [an orb of fire]
 65410 | Zot:5    | Noticed an orb of fire
 65413 | Zot:5    | Gained mutation: You are dopey. (Int -2) [an orb of fire]
 65414 | Zot:5    | Gained mutation: Your muscles are strong. (Str +2) [an orb
                  | of fire]
 65791 | Zot:5    | Killed an orb of fire
 65799 | Zot:5    | Killed an ancient lich
 65804 | Zot:5    | Lost mutation: Your muscles are strong. (Str +2) [an orb of
                  | fire]
 65810 | Zot:5    | Killed an orb of fire
 65887 | Zot:5    | Noticed an orb of fire
 65889 | Zot:5    | Gained mutation: You are frail. (-10% HP) [an orb of fire]
 65890 | Zot:5    | Gained mutation: Your magical capacity is low. (-10% MP)
                  | [an orb of fire]
 65895 | Zot:5    | Gained mutation: Your magical capacity is very low. (-20%
                  | MP) [an orb of fire]
 65917 | Zot:5    | Killed an orb of fire
 65964 | Zot:5    | Lost mutation: Your magical capacity is very low. (-20% MP)
                  | [potion of mutation]
 65964 | Zot:5    | Lost mutation: You are dopey. (Int -2) [potion of mutation]
 65964 | Zot:5    | Gained mutation: You have a pair of small horns on your
                  | head. [potion of mutation]
 65986 | Zot:5    | Noticed an orb of fire
 66003 | Zot:5    | Gained mutation: Scrolls take you longer to read. [an orb
                  | of fire]
 66004 | Zot:5    | Killed an orb of fire
 66031 | Zot:5    | Noticed an orb of fire
 66033 | Zot:5    | Noticed an orb of fire
 66037 | Zot:5    | Gained mutation: You occasionally shout uncontrollably at
                  | your foes. [an orb of fire]
 66047 | Zot:5    | Killed an orb of fire
 66058 | Zot:5    | Killed an orb of fire
 66504 | Zot:5    | Noticed an ancient lich
 66516 | Zot:5    | Killed an ancient lich
 66602 | Zot:5    | Reached skill level 27 in Polearms
 66860 | Zot:5    | Noticed an orb of fire
 67513 | Zot:5    | Noticed an orb of fire
 67520 | Zot:5    | Gained mutation: You often lose your temper in combat. [an
                  | orb of fire]
 67546 | Zot:5    | Gained mutation: You sometimes yell uncontrollably at your
                  | foes. [an orb of fire]
 67550 | Zot:5    | Killed an orb of fire
 67726 | Zot:5    | Noticed an ancient lich
 67768 | Zot:5    | Killed an ancient lich
 67963 | Zot:5    | Noticed an ancient lich
 68000 | Zot:5    | Killed an ancient lich
 68109 | Zot:5    | Noticed an ancient lich
 68124 | Zot:5    | Killed an ancient lich
 68313 | Zot:5    | Noticed an orb of fire
 68318 | Zot:5    | Gained mutation: Your spells are a little easier to cast,
                  | but a little less powerful. [an orb of fire]
 68322 | Zot:5    | Gained mutation: Potions are less effective at restoring
                  | your health. [an orb of fire]
 68323 | Zot:5    | Gained mutation: You have an uncontrollable temper. [an orb
                  | of fire]
 68330 | Zot:5    | Gained mutation: Armour fits poorly on your strangely
                  | shaped body. [an orb of fire]
 68342 | Zot:5    | Gained mutation: Scrolls take you much longer to read. [an
                  | orb of fire]
 68344 | Zot:5    | Gained mutation: Your spells are easier to cast, but less
                  | powerful. [an orb of fire]
 68346 | Zot:5    | Gained mutation: You frequently scream uncontrollably at
                  | your foes. [an orb of fire]
 68348 | Zot:5    | Lost mutation: You do not regenerate when monsters are
                  | visible. [an orb of fire]
 68353 | Zot:5    | Gained mutation: Your magical capacity is very low. (-20%
                  | MP) [an orb of fire]
 68597 | Zot:5    | Gained mutation: You are very frail. (-20% HP) [an orb of
                  | fire]
 68597 | Zot:5    | Gained mutation: You are dopey. (Int -2) [an orb of fire]
 68618 | Zot:4    | Gained mutation: Potions are poor at restoring your health.
                  | [an orb of fire]
 68622 | Zot:4    | Killed an orb of fire
 68736 | Zot:4    | Killed an orb of fire
 69302 | Zot:5    | Got the Orb of Zot
 69399 | Zot:4    | Noticed Yrchotoby the pandemonium lord
 69476 | Zot:3    | Killed Yxeal the pandemonium lord
 69636 | Depths:2 | Noticed Oloohat the pandemonium lord
 69651 | Depths:2 | Noticed an ancient lich
 69662 | Depths:2 | Paralysed by an ancient lich for 5 turns
 69857 | D:9      | Noticed Irucvusm the pandemonium lord
 70058 | D:$      | Escaped with the Orb!

Levels and vault maps discovered:
D:1:      matt_arrival_grand_opening, layout_loops_ring
D:2:      kennysheep_big_flooded_room, layout_basic,
          nicolae_overflow_hidden_temple
D:3:      layout_loops_corners, serial_bayou_pond_d, skrybe_limestone_x
D:4:      layout_loops_ring, chequers_temple_overflow_statue_of_worship,
          minmay_temple_entry_waves, first_ration, serial_shops,
          nicolae_shop_behind_doors
D:5:      layout_basic, lightli_minifort
D:6:      kennysheep_orc_sif_temple, layout_basic, serial_shops, shop,
          grunt_dithmenos_smoke, uniq_blork_the_orc
D:7:      layout_basic, gammafunk_ghost_stat_death, st_stairs_8
D:8:      layout_loops_corners, lemuel_round_altar, gammafunk_ghost_stat_death
D:9:      minmay_clustersquares, layout_loops_ring, basic_altar,
          hangedman_fish_farm
D:10:     layout_irregular_city, lair_entry_dummy, nicolae_barding_shop
D:11:     layout_basic, zombieorc1_lemuel, uniq_harold, uniq_gastronok
D:12:     layout_cave_pools, nicolae_trove_entry_crossroad, st_stairs_9
D:13:     layout_basic, serial_shops, shop
D:14:     layout_long_grid, david_vaults_4, hangedman_decor_lopped, tgw_xom
D:15:     gammafunk_enter_depths_forms, layout_long_grid, nicolae_sextant,
          minmay_guarded_unrand_prune
Lair:1:   layout_cave_shapes, nicolae_volcano_entry_batcave,
          grunt_forest_small_clearing_treed
Lair:2:   layout_chaotic_city, elwin_shoals_entry_rocks,
          infiniplex_staircase_pool, lemuel_fruit_tree
Lair:3:   layout_chaotic_city, nicolae_spider_entry_non_spiders, basic_altar,
          lemuel_oklob_altar, serial_bayou_shore_b, grunt_megastairs_3
Lair:4:   layout_layer_cave, gammafunk_ghost_grave
Lair:5:   layout_layer_cave, slime_altar_1, gammafunk_ghost_arena,
          hangedman_lair_generics_rect
Lair:6:   hangedman_lair_caniforms_friends, layout_hall_layers,
          guppyfry_lair_end_dragon, gauntlet_entry_generic
Shoals:1: layout_shoals, nicolae_shoals_circle_sea_wall
Shoals:2: layout_shoals, uniq_ilsuiw, uniq_polyphemus
Shoals:3: layout_shoals, nicolae_shoals_so_close
Shoals:4: shoals_end_simple, layout_shoals,
          portal_ice_cave_entry_ice_statue_one, nicolae_shoals_wave_tunnel
Spider:1: layout_spider_delve
Spider:2: layout_spider_delve, drop_trap, hangedman_spider_tarantella_strand
Spider:3: cheibrodos_forgotten_conduit, uniq_kirke
Spider:4: floodkiller_spider_rune_tomb, uniq_louise
Orc:1:    orc_temple, layout_diamond_mine
Orc:2:    st_orc_elflike, layout_caves
Vaults:1: v_pattern_3, nicolae_vaults_angled_halls, hangedman_vaults_capsules,
          ontoclasm_vaults_misaligned, ontoclasm_vaults_spin, v_alt_pattern_2,
          v_alt_pattern_3, v_misc_3, vaults_mumra_chevron, v_rooms_1,
          ontoclasm_vaults_fault, nicolae_vaults_big_angled_halls,
          grunt_vaults_hallway_long, layout_vaults_big_cross, basic_altar,
          serial_shops, nicolae_shop_temple_entry_statues_fountains, uniq_donald
Vaults:2: vaults_room_boxed, vaults_room_semicircle,
          minmay_crypt_entry_nasty_monster, hangedman_vaults_hard_town_square,
          nicolae_vaults_big_angled_halls, serial_ice_h,
          dpeg_vaults_monster_box, nicolae_vaults_circle_grid_b,
          hangedman_vaults_unwind, nicolae_vaults_ring_of_whatevers,
          ontoclasm_vaults_eye, nicolae_vaults_border_crossing,
          layout_vaults_omnibox
Vaults:3: st_lattice, nicolae_vaults_little_squares_6, ontoclasm_vaults_twist,
          nicolae_vaults_circle_grid_b, ontoclasm_vaults_ring_large,
          hangedman_vaults_maws, nicolae_vaults_triangles,
          nicolae_vaults_windows_and_doors_thing,
          nicolae_vaults_mini_display_case, v_misc_14, hangedman_vaults_nails,
          hangedman_vaults_snaps, nicolae_vaults_little_squares_5,
          vaults_room_stairs_pillars, vaults_dpeg_hooks, layout_vaults_big_room,
          serial_shops, nicolae_shop_temple_entry_statues_fountains
Vaults:4: hangedman_vaults_restitches, vaults_mumra_hex,
          ontoclasm_vaults_decontamination, nicolae_vaults_yaktaur_gun_rack,
          v_misc_8, vaults_dpeg_encased_lava, nicolae_vaults_gold_heap,
          layout_vaults_omnigrid, uniq_aizul
Vaults:5: serial_shops, uniq_mara
Depths:1: layout_gridville, abyss_entry, serial_shops, kennysheep_little_box,
          grunt_hell_horde, grunt_decor_cap, nicolae_two_hexagons,
          minmay_serpent_palace, uniq_enchantress
Depths:2: lemuel_castle_with_subvaults [lemuel_castle_interior_carwin_3],
          layout_cave_shapes, hangedman_abyss_or_decor_jellyfish_corner,
          pf_hell_entry_tar_spiral
Depths:3: gammafunk_dig_for_victory, layout_cave_pools, abyss_entry,
          grunt_pan_entry_spiral, hell_entry, chequers_serial_rivers_marsh,
          infiniplex_staircase_zigzag_5, serial_bayou_shore_a, uniq_bai_suzhen
Depths:4: hangedman_pleasuredromes, abyss_entry, hell_entry
Depths:5: grunt_zot_entry_alcove, layout_gridlike,
          hangedman_abyss_or_decor_clamps, grunt_hell_entry_dis_grunt,
          minmay_shop_grid_forest
Zot:1:    layout_gridlike, ebering_ghost_gozag
Zot:2:    layout_gridlike, lemuel_baited_zot_trap
Zot:3:    layout_basic, nrook_zot_tub, grunt_megastairs_5
Zot:4:    ebering_klown_carousel, layout_gridlike
Zot:5:    layout_basic

Skill      XL: |  1  2  3  4  5  6  7  8  9 10 11 12 13 14 15 16 17 18 19 20 21 22 23 24 25 26 27 |
---------------+----------------------------------------------------------------------------------+-----
Polearms       | 5 6 7 8 9 11 13 14 16 18 20 21 22 23 24 25 27 | 27.0
Armour         | 2 3 4 5 6 7 8 9 11 12 13 14 15 16 17 18 19 20 22 | 22.5
Fighting       | 4 5 6 7 8 10 11 12 13 14 15 16 18 19 20 21 22 24 | 24.4
Shields        | 1 4 7 9 10 11 | 11.0
Dodging        | 5 6 8 10 11 13 14 16 17 18 19 20 21 22 23 25 | 25.9
Stealth        | 5 9 10 | 10.5
Evocations     | 1 6 7 |  7.9
Spellcasting   | 3 |  3.7

Action                   |  1- 3 |  4- 6 |  7- 9 | 10-12 | 13-15 | 16-18 | 19-21 | 22-24 | 25-27 || total
-------------------------+-------+-------+-------+-------+-------+-------+-------+-------+-------++-------
Melee: Spear             |   198 |   155 |    20 |       |       |       |       |       |       ||   373
       Tailslap          |       |     1 |       |       |     9 |     8 |    33 |    50 |     5 ||   106
       Halberd           |       |       |   224 |   504 |   400 |       |       |       |       ||  1128
       Glaive            |       |       |       |       |   908 |   840 |       |       |       ||  1748
       Demon trident     |       |       |       |       |       |   247 |  1870 |  2609 |  2341 ||  7067
       Headbutt          |       |       |       |       |       |       |       |       |   114 ||   114
Invok: Berserk           |       |     6 |     4 |     9 |     8 |     2 |     3 |       |     1 ||    33
       Trog's Hand       |       |     1 |     6 |     2 |     5 |     5 |     6 |     4 |     6 ||    35
       Brothers in Arms  |       |       |       |       |     1 |     1 |    11 |       |     5 ||    18
 Abil: Evoke Blink       |       |       |       |       |       |     2 |    11 |       |       ||    13
       Evoke Invisibilit |       |       |       |       |       |       |       |       |     1 ||     1
Evoke: Wand              |       |     4 |       |       |       |       |     1 |       |       ||     5
  Use: Scroll            |     1 |    14 |     1 |    14 |    17 |    10 |    11 |    17 |    23 ||   108
       Potion            |       |       |       |       |     2 |     3 |       |     1 |    18 ||    24
 Stab: Sleeping          |     2 |       |       |     1 |     1 |     1 |     1 |       |       ||     6
       Distracted        |       |       |       |       |     1 |       |     3 |     3 |     4 ||    11
       Paralysed         |       |       |       |       |       |       |     1 |    20 |       ||    21
       Confused          |       |       |       |       |       |       |     1 |    10 |       ||    11
       Petrifying        |       |       |       |       |       |       |       |     9 |       ||     9
       Petrified         |       |       |       |       |       |       |       |     3 |       ||     3
       Invisible         |       |       |       |       |       |       |       |     7 |     2 ||     9
       Held in net/web   |       |       |       |       |       |       |       |     1 |       ||     1
  Eat: Chunk             |     5 |    11 |    12 |    20 |    30 |    17 |    20 |    20 |    11 ||   146
       Ration            |       |     1 |     1 |     2 |     4 |     3 |     7 |     6 |    13 ||    37
Armor: Animal skin       |     8 |       |       |       |       |       |       |       |       ||     8
       Ring mail         |    15 |    29 |    61 |    39 |   293 |    44 |       |       |       ||   481
       Steam dragon scal |       |       |     5 |    39 |       |       |       |       |       ||    44
       Acid dragon scale |       |       |       |       |       |   123 |   154 |       |       ||   277
       Fire dragon scale |       |       |       |       |       |    43 |       |       |       ||    43
       Gold dragon scale |       |       |       |       |       |       |   226 |   671 |   717 ||  1614
Dodge: Dodged            |    82 |    50 |   120 |   243 |   886 |   728 |   982 |  1024 |  1027 ||  5142
       Deflected         |       |       |       |       |       |       |     6 |    56 |    34 ||    96
Block: Buckler           |       |       |       |       |       |    64 |   441 |   773 |   631 ||  1909
